 Dungeon Crawl Stone Soup version 0.31-a0-844-gdc52ec4e09 (webtiles) character file.

Game seed: 13670087043486695106

1800 Gabrierda the Nimble (level 9, 0/65 HPs)
             Began as a Djinni Fire Elementalist on Sept 30, 2023.
             Was an Initiate of Makhleb.
             Slain by an orc warrior
             ... wielding a +4 vampiric short sword
              (12 damage)
             ... on level 6 of the Dungeon.
             The game lasted 00:23:21 (7208 turns).

Gabrierda the Nimble (Djinni Fire Elementalist)     Turns: 7208, Time: 00:23:21

Health: 0/65       AC:  3    Str: 11    XL:     9   Next: 30%
Gold:   248        EV: 16    Int: 23    God:    Makhleb [......] SH:  0 Dex: 14

rFire   + + .        h - +10 falchion "Boascheu" {holy, rN+}
rCold   x . .        (no shield)
rNeg    + + .        a - +1 robe
rPois   ∞            (no helmet)
rElec   .            l - scarf {repulsion}
rCorr   .            (no gloves)
SInv    .            (boots unavailable)
Will    .....        (no amulet)
Stlth   +++          f - +6 ring of intelligence
HPRegen 0.30/turn    n - ring of positive energy
MPRegen 0.00/turn

%: repel missiles, infuse magic (-1 HP)
@: about to teleport, flying
A: sickness immunity, fire resistance 2, cold vulnerability 1, float, innate
caster, HP casting, extra vitality 1
a: Renounce Religion


You were on level 6 of the Dungeon.
You worshipped Makhleb.
Makhleb was noncommittal.
You visited 2 branches of the dungeon, and saw 8 of its levels.
You also visited: Sewer.

You collected 248 gold pieces.

Inventory:

Hand Weapons
 h - the +10 falchion "Boascheu" (weapon) {holy, rN+}
   (You found it on level 5 of the Dungeon)

   rN+:       It protects you from negative energy.
Armour
 a - a +1 robe (worn)
 l - a scarf of repulsion (worn)
Jewellery
 f - a +6 ring of intelligence (left hand)
 n - a ring of positive energy (right hand)
Scrolls
 e - a scroll of fog
 g - 4 scrolls of teleportation
 i - a scroll of vulnerability
 m - a scroll of butterflies {unknown}
 s - a scroll of enchant armour
 u - a scroll of fear {unknown}
 v - a scroll of identify
Potions
 b - a potion of cancellation {unknown}
 c - 4 potions of might {unknown}
 d - 2 potions of curing
 j - 2 potions of attraction {unknown}
 k - 2 potions of berserk rage {unknown}
 o - 2 potions of haste {unknown}
 p - 3 potions of invisibility {unknown}
 q - 2 potions of brilliance {unknown}
 r - a potion of mutation {unknown}
 t - a potion of magic {unknown}


   Skills:
 - Level 5.1 Fighting
 * Level 9.1 Dodging
 - Level 5.2 Stealth
 * Level 3.4 Spellcasting
 * Level 3.4 Conjurations
 * Level 3.4 Hexes
   Level 0.0 Charms
 * Level 3.4 Summonings
 * Level 3.4 Necromancy
 * Level 3.4 Translocations
 * Level 3.4 Transmutations
 * Level 3.4 Fire Magic
 * Level 3.4 Ice Magic
 * Level 3.4 Air Magic
 * Level 3.4 Earth Magic
 * Level 3.4 Poison Magic


You knew the following spells:

 Your Spells              Type           Power      Damage    Failure   Level
a - Foxfire               Conj/Fire      76%        2x1d7     2%          1
b - Scorch                Fire           38%        2d6       4%          2
c - Volatile Blastmotes   Fire/Tloc      38%        2d13      9%          3
d - Inner Flame           Hex/Fire       19%        N/A       9%          3
e - Flame Wave            Conj/Fire      19%        2d7       26%         4
f - Necrotise             Necr           76%        1d7       2%          1
g - Momentum Strike       Conj/Tloc      38%        3d9       4%          2
h - Sigil of Binding      Hex            19%        N/A       9%          3
i - Cause Fear            Hex            9%         N/A       26%         4
Your spell library was empty.

Dungeon Overview and Level Annotations

Branches:
Dungeon (7/15)             Temple (1/1) D:6           Sewer (visited)

Altars:
Ashenzari
Cheibriados
Dithmenos
Elyvilon
Fedhas
Gozag
Hepliaklqana
Makhleb
Nemelex Xobeh
Okawaru
Ru
Wu Jian
Yredelemnul
Zin
The Shining One


Innate Abilities, Weirdness & Mutations

You are immune to sickness and miasma.
You are immune to poison.
Your flesh is very heat resistant. (rF++)
You are vulnerable to cold. (rC-)
You float through the air rather than walking.
You learn spells naturally, not from books.
Your magical power is your life essence.
You have superior vitality. (+4 MHP)


Message History

(Press . to intensify the flame waves.)
The bullfrog hits you but does no damage.
The orc warrior hits you with a +4 vampiric short sword!
The orc hits you with a +0 dagger.
A wave of flame ripples out!
The flame wave engulfs the orc warrior but does no damage.
The orc warrior is moderately wounded.
The flame wave engulfs the orc!
You kill the orc!
Makhleb accepts your kill.
The flame wave engulfs the bullfrog!
The bullfrog is severely wounded.
The bullfrog hits you but does no damage.
The orc warrior hits you with a +4 vampiric short sword.
The bullfrog hits you.
A wave of flame ripples out!
The flame wave engulfs the orc warrior.
The orc warrior is moderately wounded.
The flame wave engulfs the bullfrog!
You kill the bullfrog!
Makhleb accepts your kill.
You finish channelling waves of flame.
The orc warrior hits you with a +4 vampiric short sword!
Casting: Flame Wave (quite dangerous; 26% risk of failure)
Confirm with . or Enter, or press ? or * to list all spells.
Flames lash the orc warrior but do no damage.
The orc warrior hits you with a +4 vampiric short sword.
Casting: Scorch (safe; 4% risk of failure)
Confirm with . or Enter, or press ? or * to list all spells.
Flames lash the orc warrior but do no damage.
The orc warrior closely misses you.
You feel better.
The orc warrior hits you with a +4 vampiric short sword!
* * * LOW HITPOINT WARNING * * *
As you read the scroll of teleportation, it crumbles to dust.
You feel strangely unstable.
The orc warrior hits you with a +4 vampiric short sword!
* * * LOW HITPOINT WARNING * * *
You feel better.
The orc warrior hits you with a +4 vampiric short sword!
You die...

........... .#.#.#.#[#..#
...........# .#.#.#.#..#
#.........## #######.[.........
.........[.......#
.......).).......#
.......@.........#
......o)..........
..................
#######.....................
#####8...8#####..#.###.........#
##...#.....#...###..###.........#
...8....>....8...>...............
##...#.....#...#...##...........#
######8...8#####......#....Yh...#


You could see an orc warrior.

Vanquished Creatures
  Sigmund (D:2)
  2 water moccasins
  2 black bears
  An ice beast (D:6)
  2 ogres (D:5)
  A kobold brigand (Sewer)
  A bullfrog (D:6)
  2 scorpions
  4 wights
  A jelly (D:4)
  4 hounds
  An orc priest (D:6)
  An iguana (D:6)
  A sleepcap (D:3)
  An orc wizard (D:3)
  5 adders
  5 gnolls
  3 shadow imps
  2 ufetubi (D:5)
  5 worms
  5 dart slugs
  12 orcs
  8 endoplasms
  9 giant cockroaches
  7 goblins
  7 hobgoblins
  3 jackals (D:4)
  15 kobolds
  4 quokkas
  5 ball pythons
  4 bats
  5 frilled lizards
  3 rats
132 creatures vanquished.

Vanquished Creatures (collateral kills)
  2 gnolls
  4 foxfires (Sewer)
6 creatures vanquished.

Vanquished Creatures (others)
  308 foxfires
308 creatures vanquished.

Grand Total: 446 creatures vanquished

Notes
Turn   | Place    | Note
-------+----------+-------------------------------------------
     0 | D:1      | Gabrierda the Djinni Fire Elementalist began the quest for
                  | the Orb.
     0 | D:1      | Gabrierda set off with the following spells memorised:
                  | Foxfire, Scorch, Volatile Blastmotes, Inner Flame, Flame
                  | Wave.
     0 | D:1      | Reached XP level 1. HP: 15/15 MP: 0/0
   105 | D:1      | Reached XP level 2. HP: 15/22 MP: 0/0
   166 | D:1      | Reached skill level 1 in Fighting
   460 | D:1      | Reached skill level 3 in Dodging
   460 | D:1      | Reached XP level 3. HP: 25/27 MP: 0/0
   460 | D:1      | Learned a level 1 spell: Necrotise
  1475 | D:2      | Reached XP level 4. HP: 30/33 MP: 0/0
  1504 | D:2      | Noticed Sigmund
  1522 | D:2      | Killed Sigmund
  1523 | D:2      | Reached skill level 4 in Dodging
  1523 | D:2      | Reached XP level 5. HP: 30/41 MP: 0/0
  1523 | D:2      | Learned a level 2 spell: Momentum Strike
  1523 | D:2      | Reached XP level 6. HP: 35/47 MP: 0/0
  2029 | D:3      | Reached skill level 5 in Dodging
  2566 | D:3      | Found a white marble altar of Elyvilon.
  2812 | D:3      | Found a sacrificial altar of Ru.
  2919 | D:3      | Reached XP level 7. HP: 51/53 MP: 0/0
  2919 | D:3      | Learned a level 3 spell: Sigil of Binding
  3553 | D:4      | Found a glowing drain.
  3565 | Sewer    | Entered a sewer
  4074 | D:5      | Entered Level 5 of the Dungeon
  4308 | D:4      | Reached skill level 5 in Fighting
  4308 | D:4      | Reached skill level 6 in Dodging
  4362 | D:4      | Found an opulent altar of Gozag.
  5050 | D:5      | Found an iron altar of Okawaru.
  5282 | D:5      | Identified the +10 falchion "Boascheu" {holy, rN+}
  5329 | D:5      | Reached XP level 8. HP: 47/59 MP: 0/0
  5431 | D:5      | Reached skill level 7 in Dodging
  6545 | D:6      | Reached skill level 8 in Dodging
  6823 | D:5      | Reached XP level 9. HP: 60/65 MP: 0/0
  6823 | D:5      | Learned a level 4 spell: Cause Fear
  6872 | D:6      | Reached skill level 5 in Stealth
  6969 | D:6      | Found a staircase to the Ecumenical Temple.
  7002 | Temple   | Entered the Ecumenical Temple
  7021 | Temple   | Became a worshipper of Makhleb the Destroyer
  7108 | D:7      | Reached skill level 9 in Dodging
  7208 | D:6      | Slain by an orc warrior

Illustrated notes

Levels and vault maps discovered:
D:1:      eino_arrival_cavern_c, layout_basic
D:2:      layout_basic, uniq_sigmund
D:3:      layout_loops_ring, nicolae_ru_awakened_eye, lemuel_tele_altar,
          small_statue_intersection, st_stairs_2, eino_curves_01
D:4:      layout_basic, nicolae_gozag_cash_rules_everything_around_me,
          portal_sewer_entry_a
D:5:      layout_basic, okawaru_ov_weapons_minmay,
          nicolae_twisty_statue_hallways
D:6:      layout_rooms, lemuel_coloured_pillars_altar,
          minmay_temple_entry_antechambers, st_stairs_11,
          small_statue_intersection
D:7:      layout_basic, lemuel_doored_altar,
          mainiacjoe_overflow_small_starburst, corner_web_ring
Temple:   nicolae_temple_bog_church

Skill      XL: |  1  2  3  4  5  6  7  8  9 |
---------------+----------------------------+-----
Spellcasting   | |  3.4
Conjurations   | |  3.4
Hexes          | |  3.4
Summonings     | |  3.4
Necromancy     | |  3.4
Translocations | |  3.4
Transmutations | |  3.4
Fire Magic     | |  3.4
Ice Magic      | |  3.4
Air Magic      | |  3.4
Earth Magic    | |  3.4
Poison Magic   | |  3.4
Fighting       | 1 2 3 4 5 |  5.1
Dodging        | 3 4 5 6 8 9 |  9.1
Stealth        | 2 4 5 |  5.2

Action                     |  1- 3 |  4- 6 |  7- 9 || total
---------------------------+-------+-------+-------++-------
  Melee: Unarmed           |     1 |       |       ||     1
         Halberd           |       |     1 |       ||     1
   Cast: Foxfire           |    65 |    31 |   113 ||   209
         Scorch            |     9 |    15 |    62 ||    86
         Necrotise         |    13 |    38 |    42 ||    93
         Flame Wave        |       |       |     2 ||     2
    Use: Scroll            |       |     8 |     7 ||    15
         Potion            |       |       |     2 ||     2
 Armour: Robe              |     3 |    14 |    44 ||    61
         Skin              |       |       |     2 ||     2
  Dodge: Dodged            |     3 |    13 |    48 ||    64

Table legend: (Time is in decaauts)
 A = Elapsed time spent in this place.
 B = Non-inter-level travel time spent in this place.
 C = Inter-level travel time spent in this place.
 D = Time resting spent in this place.
 E = Time spent auto-exploring this place.
 F = Levels seen in this place.
 G = Mean time per level.
                   A        B        C        D        E       F      G
               +--------+--------+--------+--------+--------+-----+--------+
         Total |   7207 |   6826 |    381 |   1210 |   4650 |   9 |  800.8 |
       Dungeon |   6735 |   6389 |    346 |   1061 |   4491 |   7 |  962.1 |
        Temple |     38 |      3 |     35 |      0 |      0 |   1 |   38.0 |
         Sewer |    433 |    433 |      0 |    149 |    159 |   1 |  433.0 |
               +--------+--------+--------+--------+--------+-----+--------+

Top non-repeatable levels by time:
     D:3: 1459 daAuts
     D:5: 1401 daAuts
     D:4: 1189 daAuts
     D:1: 1043 daAuts
     D:2: 904 daAuts
     D:6: 643 daAuts
   Sewer: 433 daAuts
     D:7: 94 daAuts
  Temple: 38 daAuts
